 Dungeon Crawl Stone Soup version 0.27.1 (webtiles) character file.

Game seed: 9067007822106010988

266 Malachi the Changer (level 6, -7/38 HPs)
             Began as an Octopode Transmuter on Aug 26, 2021.
             Mangled by a gnoll (10 damage)
             ... on level 4 of the Dungeon.
             The game lasted 00:05:16 (3798 turns).

Malachi the Changer (Octopode Transmuter)           Turns: 3798, Time: 00:05:17

Health: -7/38      AC:  2    Str: 10    XL:     6   Next: 20%
Magic:  9/9        EV: 19    Int: 17    God:
Gold:   185        SH:  0    Dex: 17    Spells: 3/9 levels left

rFire    . . .     SeeInvis .     - Unarmed
rCold    . . .     Faith    .   (shield currently unavailable)
rNeg     . . .     Spirit   .   (helmet currently unavailable)
rPois    x         Reflect  .   j - amulet of magic regeneration
rElec    .         Harm     .   (no ring)
rCorr    .         Rampage  .   (no ring)
Will     .....                  (no ring)
Stlth    ++........             (no ring)
HPRegen  0.12/turn              (no ring)
MPRegen  0.36/turn              (no ring)
                                (no ring)
                                (no ring)

@: spider-form
A: venomous fangs, almost no armour, (amphibious), 8 rings, tiny, (camouflage
1), (gelatinous body 1), (nimble swimmer 1), (tentacles)
a: End Transformation


You were on level 4 of the Dungeon.
You were a venomous arachnid creature.
You visited 1 branch of the dungeon, and saw 4 of its levels.

You collected 185 gold pieces.

Inventory:

Hand Weapons
 b - the +10 longbow of Exchange {freeze, rF- Dex+6}
   (You acquired it on level 3 of the Dungeon)

   Any ammunition fired from it freezes those it strikes, dealing additional
   cold damage.
   It can also slow down cold-blooded creatures.
   Dex:       It affects your dexterity (+6).
   rF:        It makes you vulnerable to fire.
 g - a +1 dagger of speed (melded)
Jewellery
 c - a ring of fire
 j - an amulet of magic regeneration (around neck)
Scrolls
 f - a scroll of torment
Potions
 a - a potion of haste
 d - a potion of curing
 e - a potion of might
 h - a potion of degeneration {unknown}


   Skills:
 - Level 1.0 Fighting
 - Level 2.0 Dodging
 - Level 3.0 Unarmed Combat
 - Level 2.0 Spellcasting
 * Level 5.0 Transmutations
 * Level 4.2 Poison Magic


You had 3 spell levels left.
You knew the following spells:

 Your Spells              Type           Power      Damage    Failure   Level
a - Beastly Appendage     Tmut           38%        N/A       9%          1
b - Spider Form           Tmut/Pois      8%         N/A       22%         3
c - Blink                 Tloc           N/A        N/A       50%         2

Your spell library contained the following spells:

 Spells                   Type           Power      Damage    Failure   Level
 Wereblood                Tmut           19%        N/A       12%         2
 Foxfire                  Conj/Fire      4%         2x1d4     38%         1
 Conjure Flame            Conj/Fire      1%         6-21      71%         3
 Inner Flame              Hex/Fire       1%         N/A       71%         3
 Lesser Beckoning         Tloc           0%         N/A       71%         3
 Ice Form                 Ice/Tmut       10%        N/A       77%         4
 Manifold Assault         Tloc           1%         N/A       100%        5
 Malign Gateway           Summ/Tloc      0%         N/A       100%        7
 Summon Horrible Things   Summ           0%         N/A       100%        8


Dungeon Overview and Level Annotations

Branches:
Dungeon (4/15)
 Temple: D:4-7

Altars:
Fedhas
The Shining One


Innate Abilities, Weirdness & Mutations

You are a venomous arachnid creature.
You have poisonous fangs.
You are tiny and dextrous.
Your spellcasting is less reliable in this form.
Your armour is entirely melded.
You are incapable of wielding weapons or throwing items.
You cannot wear most types of armour.
((You are amphibious.))
You can wear up to eight rings at the same time.
((Your skin changes colour to match your surroundings (Stealth+).))
((Your rubbery body absorbs attacks. (AC +1, EV +1)))
((You are camouflaged near water. (Stealth+)))
((You have tentacles for arms and can constrict up to eight enemies at once.))


Message History

The gnoll is moderately wounded.
The gnoll barely misses you.
You hit the gnoll but do no damage.
The gnoll is poisoned.
The gnoll is moderately wounded.
The gnoll misses you.
You hit the gnoll.
The gnoll looks as sick as possible!
The gnoll is severely wounded.
The gnoll barely misses you.
You hit the gnoll.
The gnoll looks as sick as possible!
The gnoll is severely wounded.
The gnoll misses you. x2
The gnoll shouts!
You hit the gnoll.
You kill the gnoll!
The gnoll closely misses you. The gnoll completely misses you.
The gnoll hits you with a +0 halberd!
You see here a +0 club.
You barely miss the gnoll.
The hound barks!
The gnoll barely misses you.
You hit the gnoll but do no damage.
The gnoll is poisoned.
The gnoll misses you. The gnoll closely misses you.
You barely miss the gnoll.
The gnoll is lightly wounded.
The gnoll barely misses you. The gnoll misses you.
You barely miss the gnoll.
The gnoll is lightly wounded.
The gnoll hits you with a +0 halberd.
The hound stops to sniff the ground.
The gnoll closely misses you.
You hit the gnoll.
The gnoll looks even sicker.
The gnoll is heavily wounded.
The gnoll hits you with a +0 halberd!
* * * LOW HITPOINT WARNING * * *
The gnoll hits you with a +0 whip.
* * * LOW HITPOINT WARNING * * *
The gnoll hits you from afar with a +0 halberd.
* * * LOW HITPOINT WARNING * * *
The gnoll hits you from afar with a +0 halberd!
You die...

#.. # # #.. #. #. #..
####. #.###### #..
#.>... ## #.....###..
#....g###
#.###.........
#...).gg#
#.#.......... #)#
#.........<.. #s#
#.......###..
#.######..#### #..
#.##......# #..
#.........# #..
####.###### #..
#.###########..
#)##...........
#.##.##.#.###..
.......)##.#.....##..


You could see 3 gnolls.

Vanquished Creatures
  A black bear (D:4)
  6 gnolls
  5 adders
  3 dart slugs
  3 endoplasms (D:1)
  3 giant cockroaches (D:1)
  6 goblins
  4 hobgoblins
  4 jackals (D:2)
  4 quokkas
  5 ball pythons
  10 bats
  7 frilled lizards
  3 kobolds
  5 rats
69 creatures vanquished.

Notes
Turn   | Place    | Note
-------+----------+-------------------------------------------
     0 | D:1      | Malachi the Octopode Transmuter began the quest for the
                  | Orb.
     0 | D:1      | Reached XP level 1. HP: 13/13 MP: 3/3
    16 | D:1      | Reached XP level 2. HP: 13/18 MP: 1/5
   123 | D:1      | Reached skill level 3 in Transmutations
   513 | D:1      | Found a faded altar of an unknown god.
   563 | D:1      | Reached XP level 3. HP: 23/23 MP: 6/6
   567 | D:1      | Learned a level 3 spell: Spider Form
   821 | D:1      | Reached skill level 1 in Poison Magic
  1135 | D:2      | Reached XP level 4. HP: 24/28 MP: 7/7
  1577 | D:2      | Reached skill level 4 in Transmutations
  2537 | D:3      | Learned a level 2 spell: Blink
  2727 | D:3      | Found a blossoming altar of Fedhas.
  2868 | D:3      | Identified a scroll of acquirement
  2872 | D:3      | Acquired the +10 longbow of Exchange {freeze, rF- Dex+6}
  3098 | D:4      | Reached XP level 5. HP: 32/33 MP: 8/8
  3137 | D:4      | Found a glowing golden altar of the Shining One.
  3160 | D:4      | Noticed a black bear
  3184 | D:4      | Killed a black bear
  3553 | D:4      | Reached XP level 6. HP: 28/38 MP: 7/9
  3559 | D:4      | Reached skill level 5 in Transmutations
  3798 | D:4      | Mangled by a gnoll

Illustrated notes

Levels and vault maps discovered:
D:1:      noname_arrival_rooms_in_the_neighbourhood, layout_loops_cross,
          ebering_ecumenical_altar_webs, kennysheep_crisscross, fountainhead
D:2:      layout_basic
D:3:      layout_basic, fedhas_altar_fruit_tree
D:4:      layout_loops_cross, kennysheep_mini_moat

Skill      XL: |  1  2  3  4  5  6 |
---------------+-------------------+-----
Transmutations | 3 4 5 |  5.0
Poison Magic   | 1 2 4 |  4.2
Fighting       | |  1.0
Dodging        | |  2.0
Unarmed Combat | |  3.0
Spellcasting   | |  2.0

Action                   |  1- 3 |  4- 6 || total
-------------------------+-------+-------++-------
Melee: Unarmed           |    74 |    53 ||   127
       Constrict         |    20 |    19 ||    39
       Tentacles         |    12 |     3 ||    15
       Kick              |    12 |    20 ||    32
       Punch             |     1 |     3 ||     4
       Dagger            |       |    42 ||    42
 Cast: Beastly Appendage |    17 |    17 ||    34
       Spider Form       |       |     3 ||     3
Evoke: Wand              |       |     5 ||     5
  Use: Scroll            |     1 |     6 ||     7
 Stab: Sleeping          |     5 |     2 ||     7
Armor: Skin              |    10 |     6 ||    16
Dodge: Dodged            |    55 |    62 ||   117
